 Dungeon Crawl Stone Soup version 0.29.0-4-gdea44cf6ec (webtiles) character file.

Game seed: 15647483910159741297

5079 qw the Grappler (level 10, -2/92 HPs)
             Began as a Troll Cinder Acolyte on Aug 30, 2022.
             Was a Believer of Ignis.
             Slain by an orc warrior
             ... wielding a +0 halberd
              (13 damage)
             ... on level 9 of the Dungeon.
             The game lasted 00:03:47 (6870 turns).

qw the Grappler (Troll Cinder Acolyte)              Turns: 6870, Time: 00:03:48

Health: -2/92      AC: 11    Str: 28    XL:     10   Next: 31%
Magic:  10/10      EV:  8    Int: 10    God:    Ignis [**....]
Gold:   347        SH: 11    Dex:  8    Spells: 11/11 levels left

rFire   + . .      SeeInvis .     - Unarmed
rCold   . . .      Faith    .   n - +2 kite shield of Viny Knowledge {rF- rCorr Dex+3}
rNeg    + . .      Spirit   .   a - +0 robe
rPois   .          Reflect  .   (helmet restricted)
rElec   .          Harm     .   (no cloak)
rCorr   +          Rampage  .   (gloves unavailable)
Will    .....                   (boots unavailable)
Stlth   +.........              (no amulet)
HPRegen 1.05/turn               f - ring of positive energy
MPRegen 0.12/turn               i - ring of protection from fire

@: fiery-armoured
A: large, unfitting armour, claws 3, regeneration 1, shaggy fur 1, tough skin 1
a: Renounce Religion, Fiery Armour, Foxfire Swarm, Rising Flame


You were on level 9 of the Dungeon.
You worshipped Ignis.
Ignis was pleased with you.
You visited 1 branch of the dungeon, and saw 9 of its levels.
You also visited: Sewer.

You collected 542 gold pieces.
You spent 195 gold pieces at shops.


Innate Abilities, Weirdness & Mutations

You are too large for most types of armour.
You have claws for hands.
Your natural rate of healing is unusually fast.
You are covered in fur. (AC +1)
You have tough skin. (AC +1)


   Skills:
 - Level 4.0 Fighting
 - Level 4.2 Throwing
 - Level 1.6 Dodging
 + Level 8.0 Shields
 - Level 11.1 Unarmed Combat
 - Level 1.0 Spellcasting
 - Level 2.1 Fire Magic


You had 11 spell levels left.
You didn't know any spells.
Your spell library contained the following spells:

 Spells                   Type           Power      Damage    Failure   Level
 Scorch                   Fire           8%         2d5       38%         2

Inventory:

Missiles
 k - 11 large rocks (quivered)
 l - 2 boomerangs
 m - 7 javelins
 o - 2 boomerangs of dispersal
Armour
 a - a +0 robe (worn)
 n - the +2 kite shield of Viny Knowledge (worn) {rF- rCorr Dex+3}
   (You acquired it on level 4 of the Dungeon)

   Dex:       It affects your dexterity (+3).
   rF:        It makes you vulnerable to fire.
   rCorr:     It protects you from acid and corrosion.
Jewellery
 f - a ring of positive energy (left claw)
 i - a ring of protection from fire (right claw)
Wands
 j - a wand of digging (10)
Scrolls
 c - 3 scrolls of identify
 d - a scroll of brand weapon
 g - a scroll of enchant weapon
Potions
 b - 2 potions of haste
 h - 9 potions of curing
 r - 2 potions of cancellation
 s - a potion of might

Dungeon Overview and Level Annotations

Branches:
Dungeon (8/15)             Temple (0/1) D:7           Sewer (visited)
   Lair: D:8-11

Altars:

Shops:
D:4 *(

Annotations:
D:4 1 runed translucent door, Crazy Yiuf
D:6 2 runed translucent doors, qw's ghost, novice TeWr


Message History

You closely miss the yak.
The yak is severely wounded.
The yak barely misses you. The orc warrior closely misses you.
The yak gores you but does no damage.
The yak is burned by your cloak of flames.
The yak is severely wounded.
You claw the yak!
You kill the yak!
The orc warrior hits you from afar with a +0 halberd!
You block the yak's attack. x2
You scratch the yak.
The yak is severely wounded.
The orc warrior barely misses you. The yak gores you but does no damage.
The yak is burned by your cloak of flames.
The yak is severely wounded.
The yak barely misses you. The orc barely misses you.
You claw the yak!
You kill the yak!
The orc hits you but does no damage.
The orc is burned by your cloak of flames.
The orc is heavily wounded.
You block the orc warrior's attack. The yak gores you.
The yak is burned by your cloak of flames.
The yak is lightly wounded.
Your Throwing skill increases to level 4!
You mangle the orc!!
You kill the orc!
You block the orc warrior's attack. The yak closely misses you.
You mangle the yak!!
The yak is almost dead.
You block the yak's attack. You block the orc warrior's attack.
You scratch the yak but do no damage.
The yak is almost dead.
The orc warrior closely misses you. The yak gores you.
The yak is burned by your cloak of flames.
The yak is almost dead.
You mangle the yak!!
You kill the yak!
The orc warrior hits you from afar with a +0 halberd!
You die...

#..#...# #......# #... #...#
#......# #. #...# #......#
#...# #......# #...# #......#
#...# #......# #.o.# #......#
#%).####......#
#@%...........#
#################........#
#####...............##.#######
...##..##.......##..##..#
###.########..8.##.8###.#
.|#.'........##.......'.#
.:#.'........##.......'.#
###.########..8.##.8#####
...##..##.......##..#


You could see an orc warrior.

Vanquished Creatures
  A centaur warrior (D:9)
  Joseph (D:7)
  A hornet (shapeshifter) (D:9)
  Sigmund (D:4)
  Eustachio (D:4)
  7 yaks (D:9)
  2 steam dragons
  A vampire mosquito (D:9)
  Edmund (D:4)
  Duvessa (D:4)
  A sky beast (D:7)
  A sky beast (shapeshifter) (D:9)
  2 ogres (D:6)
  A centaur (D:9)
  2 kobold brigands
  2 necrophages (D:4)
  Dowan (D:4)
  A killer bee (D:9)
  6 howler monkeys
  A jelly (D:4)
  3 gnoll boudas
  4 hounds
  6 orc priests
  Natasha (thrice) (D:4)
  Ijyb (D:3)
  7 iguanas
  3 orc wizards
  20 gnolls
  6 adders
  2 river rats (Sewer)
  A shadow imp (D:5)
  A white imp (D:7)
  An ufetubus (D:5)
  3 worms
  A dart slug (D:3)
  13 orcs
  7 ball pythons
  7 endoplasms
  5 giant cockroaches
  15 goblins
  7 hobgoblins
  8 jackals
  6 quokkas
  3 training dummies (D:4)
  8 bats
  8 frilled lizards
  17 kobolds
  8 rats
209 creatures vanquished.

Vanquished Creatures (others)
  A plant (D:2)
1 creature vanquished.

Grand Total: 210 creatures vanquished

Notes
Turn   | Place    | Note
-------+----------+-------------------------------------------
     0 | D:1      | qw the Troll Cinder Acolyte began the quest for the Orb.
     0 | D:1      | Reached XP level 1. HP: 22/22 MP: 1/1
     0 | D:1      | 0 ||| qw: Version: 0.1-a-95-gae9e614
     0 | D:1      | 0 ||| qw: Game counter: 4392
     0 | D:1      | 0 ||| qw: Always use a shield: true
     0 | D:1      | 0 ||| qw: God list: Okawaru
     0 | D:1      | 0 ||| qw: Allow faded altars: false
     0 | D:1      | 0 ||| qw: Do Orc after D:15 true
     0 | D:1      | 0 ||| qw: Do second Lair branch before Depths: true
     0 | D:1      | 0 ||| qw: Lair rune preference: random
     0 | D:1      | 0 ||| qw: Plans: Normal
     0 | D:1      | 0 ||| PLANNING D:1-11
    91 | D:1      | 91 ||| Stepping ~*~*~tactically~*~*~ (stealth).
    97 | D:1      | Reached XP level 2. HP: 25/29 MP: 2/2
    99 | D:1      | 99 ||| Stepping ~*~*~tactically~*~*~ (stealth).
   100 | D:1      | 100 ||| Stepping ~*~*~tactically~*~*~ (stealth).
   101 | D:1      | 101 ||| Stepping ~*~*~tactically~*~*~ (stealth).
   130 | D:1      | 130 ||| Stepping ~*~*~tactically~*~*~ (outnumbered).
   131 | D:1      | 131 ||| Stepping ~*~*~tactically~*~*~ (outnumbered).
   162 | D:1      | 162 ||| Stepping ~*~*~tactically~*~*~ (stealth).
   168 | D:1      | 168 ||| Stepping ~*~*~tactically~*~*~ (stealth).
   201 | D:1      | Reached skill level 4 in Unarmed Combat
   327 | D:1      | 327 ||| Stepping ~*~*~tactically~*~*~ (stealth).
   331 | D:1      | Reached XP level 3. HP: 36/36 MP: 3/3
   346 | D:1      | 346 ||| Stepping ~*~*~tactically~*~*~ (stealth).
   347 | D:1      | 347 ||| Stepping ~*~*~tactically~*~*~ (stealth).
   862 | D:1      | 862 ||| UPGRADING to ring of positive energy.
   863 | D:1      | 863 ||| READING scroll labelled VEDORU ROMYQULAN.
   868 | D:1      | 868 ||| READING 2 scrolls labelled JYEVOT UJOCO.
   878 | D:2      | 878 ||| STAIRDANCE
   886 | D:2      | 886 ||| STAIRDANCE
   972 | D:2      | Reached skill level 1 in Throwing
  1045 | D:2      | Found a faded altar of an unknown god.
  1166 | D:2      | 1166 ||| Stepping ~*~*~tactically~*~*~ (stealth).
  1200 | D:2      | Reached XP level 4. HP: 44/44 MP: 4/4
  1419 | D:2      | 1419 ||| DROPPING ring of wizardry.
  1420 | D:2      | 1420 ||| UPGRADING to ring of protection from fire.
  1421 | D:2      | 1421 ||| READING scroll labelled SETREAK NOIPPO.
  1440 | D:2      | 1440 ||| READING scroll labelled KUOFROACHE.
  1441 | D:2      | 1441 ||| DRINKING 2 metallic yellow potions.
  1442 | D:2      | 1442 ||| DRINKING 4 viscous orange potions.
  1443 | D:2      | 1443 ||| READING 2 scrolls of identify.
  1443 | D:2      | 1443 ||| IDENTIFYING fizzy golden potion
  1444 | D:2      | 1444 ||| DROPPING potion of degeneration.
  1464 | D:3      | 1464 ||| PLANNING SEWER
  1464 | D:3      | 1464 ||| Stepping ~*~*~tactically~*~*~ (hiding).
  1466 | D:3      | 1466 ||| Stepping ~*~*~tactically~*~*~ (hiding).
  1593 | D:3      | 1593 ||| Stepping ~*~*~tactically~*~*~ (stealth).
  1640 | D:3      | Reached skill level 5 in Unarmed Combat
  1868 | D:3      | Found a glowing drain.
  1873 | D:3      | 1873 ||| READING scroll labelled ORUATAKOLU.
  1874 | D:3      | 1874 ||| DRINKING 2 metallic silvery potions.
  1875 | D:3      | 1875 ||| DROPPING potion of magic.
  1876 | D:3      | 1876 ||| Stepping randomly (stuck).
  1878 | D:3      | 1878 ||| Stepping randomly (stuck).
  1879 | D:3      | 1879 ||| Stepping randomly (stuck).
  1897 | Sewer    | Entered a sewer
  1901 | Sewer    | Reached XP level 5. HP: 50/50 MP: 5/5
  1969 | Sewer    | 1969 ||| INVOKING Fiery Armour.
  1980 | Sewer    | Reached skill level 6 in Unarmed Combat
  2009 | Sewer    | Found a white marble altar of Elyvilon.
  2049 | D:3      | 2049 ||| PLANNING D:1-11
  2098 | D:3      | Noticed Ijyb
  2115 | D:3      | Killed Ijyb
  2352 | D:3      | Identified the +11 dagger "Battatink" {vamp, Dex+2 SInv}
  2489 | D:3      | 2489 ||| READING 2 scrolls labelled ESITAE IMYUTS.
  2490 | D:3      | 2490 ||| DROPPING scroll of magic mapping.
  2528 | D:4      | Reached XP level 6. HP: 59/59 MP: 6/6
  2539 | D:4      | Noticed Edmund
  2540 | D:4      | 2540 ||| INVOKING Fiery Armour.
  2542 | D:4      | 2542 ||| Stepping ~*~*~tactically~*~*~ (outnumbered).
  2543 | D:4      | 2543 ||| Stepping ~*~*~tactically~*~*~ (outnumbered).
  2544 | D:4      | 2544 ||| Stepping ~*~*~tactically~*~*~ (outnumbered).
  2561 | D:4      | Killed Edmund
  2562 | D:4      | Reached skill level 7 in Unarmed Combat
  2714 | D:4      | Reached XP level 7. HP: 66/66 MP: 7/7
  2735 | D:4      | 2735 ||| Stepping ~*~*~tactically~*~*~ (stealth).
  2831 | D:4      | Noticed Natasha
  2832 | D:4      | 2832 ||| Stepping ~*~*~tactically~*~*~ (hiding).
  2837 | D:4      | Killed Natasha
  2838 | D:4      | Reached skill level 8 in Unarmed Combat
  2850 | D:4      | Found Puos's Firing Range.
  3064 | D:4      | Noticed Sigmund
  3065 | D:4      | 3065 ||| Stepping ~*~*~tactically~*~*~ (hiding).
  3067 | D:4      | 3067 ||| Stepping ~*~*~tactically~*~*~ (hiding).
  3070 | D:4      | 3070 ||| Stepping ~*~*~tactically~*~*~ (hiding).
  3085 | D:4      | 3085 ||| INVOKING Fiery Armour.
  3087 | D:4      | Killed Sigmund
  3088 | D:4      | Reached skill level 3 in Fighting
  3204 | D:4      | Noticed Duvessa
  3204 | D:4      | Noticed Dowan
  3206 | D:4      | 3206 ||| Stepping ~*~*~tactically~*~*~ (hiding).
  3210 | D:4      | Killed Duvessa
  3211 | D:4      | Reached skill level 3 in Throwing
  3214 | D:4      | Killed Dowan
  3303 | D:4      | Found Jiejem's General Store.
  3306 | D:4      | 3306 ||| BUYING potion of cancellation (104 gold).
  3306 | D:4      | Bought a potion of cancellation for 104 gold pieces
  3306 | D:4      | 3306 ||| BUYING potion of curing (39 gold).
  3306 | D:4      | Bought a potion of curing for 39 gold pieces
  3306 | D:4      | 3306 ||| SHOPLISTING potion of haste (130 gold, have 121).
  3306 | D:4      | 3306 ||| BUYING potion of might (52 gold).
  3306 | D:4      | Bought a potion of might for 52 gold pieces
  3306 | D:4      | 3306 ||| SHOPLISTING scroll of enchant armour (97 gold,
                  | have 69).
  3306 | D:4      | 3306 ||| SHOPLISTING wand of digging (4) (218 gold, have
                  | 69).
  3309 | D:4      | Noticed Eustachio
  3325 | D:4      | Killed Eustachio
  3326 | D:4      | Reached XP level 8. HP: 65/78 MP: 8/8
  3497 | D:4      | Found a runed translucent door.
  3498 | D:4      | Noticed Crazy Yiuf
  3543 | D:4      | Noticed Natasha
  3551 | D:4      | Killed Natasha
  3552 | D:4      | Reached skill level 9 in Unarmed Combat
  3646 | D:4      | 3646 ||| READING scroll labelled QOCLUIC REACHI.
  3647 | D:4      | 3647 ||| READING scroll labelled OMEZUA UVVE.
  3647 | D:4      | Identified a scroll of acquirement
  3647 | D:4      | 3647 ||| ACQUIRING +2 kite shield of Viny Knowledge {rF-
                  | rCorr Dex+3}
  3647 | D:4      | Acquired the +2 kite shield of Viny Knowledge {rF- rCorr
                  | Dex+3}
  3649 | D:4      | 3649 ||| UPGRADING to +2 kite shield of Viny Knowledge {rF-
                  | rCorr Dex+3}.
  3654 | D:4      | 3654 ||| READING scroll labelled OFFITI IFEADE.
  3655 | D:4      | 3655 ||| DRINKING 2 silvery potions.
  3695 | D:4      | 3695 ||| DRINKING 2 fuming puce potions.
  3696 | D:4      | 3696 ||| DROPPING potion of lignification.
  3697 | D:4      | 3697 ||| DROPPING potion of brilliance.
  3723 | D:5      | Entered Level 5 of the Dungeon
  3744 | D:5      | 3744 ||| Stepping ~*~*~tactically~*~*~ (hiding).
  3819 | D:5      | Reached skill level 1 in Shields
  3848 | D:5      | 3848 ||| Stepping ~*~*~tactically~*~*~ (stealth).
  3849 | D:5      | 3849 ||| Stepping ~*~*~tactically~*~*~ (stealth).
  4100 | D:5      | 4100 ||| Stepping ~*~*~tactically~*~*~ (outnumbered).
  4214 | D:5      | 4214 ||| DRINKING 3 coppery potions.
  4318 | D:5      | 4318 ||| READING 2 scrolls of identify.
  4318 | D:5      | 4318 ||| IDENTIFYING fuming yellow potion
  4319 | D:5      | 4319 ||| DROPPING 2 potions of berserk rage.
  4320 | D:5      | 4320 ||| DROPPING potion of attraction.
  4561 | D:4      | Noticed Natasha
  4562 | D:4      | 4562 ||| Stepping ~*~*~tactically~*~*~ (stealth).
  4563 | D:4      | 4563 ||| Stepping ~*~*~tactically~*~*~ (stealth).
  4564 | D:4      | 4564 ||| Stepping ~*~*~tactically~*~*~ (stealth).
  4565 | D:4      | Killed Natasha
  4849 | D:6      | Reached skill level 3 in Shields
  4883 | D:6      | Found a runed translucent door.
  4887 | D:6      | Noticed qw's ghost (novice TeWr)
  4906 | D:6      | 4906 ||| Stepping ~*~*~tactically~*~*~ (hiding).
  4910 | D:6      | 4910 ||| Stepping ~*~*~tactically~*~*~ (stealth).
  4914 | D:6      | 4914 ||| Stepping ~*~*~tactically~*~*~ (outnumbered).
  4937 | D:6      | 4937 ||| INVOKING Fiery Armour.
  5114 | D:6      | 5114 ||| Stepping ~*~*~tactically~*~*~ (outnumbered).
  5116 | D:6      | 5116 ||| Stepping ~*~*~tactically~*~*~ (outnumbered).
  5125 | D:6      | 5125 ||| INVOKING Fiery Armour.
  5223 | D:6      | Found a runed translucent door.
  5265 | D:6      | 5265 ||| INVOKING Fiery Armour.
  5270 | D:6      | 5270 ||| Stepping ~*~*~tactically~*~*~ (outnumbered).
  5276 | D:6      | 5276 ||| Stepping ~*~*~tactically~*~*~ (stealth).
  5284 | D:6      | Reached skill level 1 in Dodging
  5387 | D:6      | Reached XP level 9. HP: 84/84 MP: 9/9
  5414 | D:6      | 5414 ||| DROPPING ring of flight.
  5415 | D:6      | 5415 ||| READING scroll labelled KIUWKOKENY.
  5416 | D:6      | 5416 ||| READING scroll labelled VULAOFFYTIM.
  5509 | D:7      | 5509 ||| Stepping ~*~*~tactically~*~*~ (stealth).
  5511 | D:7      | 5511 ||| Stepping ~*~*~tactically~*~*~ (stealth).
  5512 | D:7      | 5512 ||| Stepping ~*~*~tactically~*~*~ (stealth).
  5515 | D:7      | 5515 ||| Stepping ~*~*~tactically~*~*~ (outnumbered).
  5516 | D:7      | 5516 ||| Stepping ~*~*~tactically~*~*~ (outnumbered).
  5517 | D:7      | 5517 ||| Stepping ~*~*~tactically~*~*~ (outnumbered).
  5518 | D:7      | 5518 ||| Stepping ~*~*~tactically~*~*~ (outnumbered).
  5522 | D:7      | 5522 ||| Stepping ~*~*~tactically~*~*~ (outnumbered).
  5523 | D:7      | 5523 ||| Stepping ~*~*~tactically~*~*~ (outnumbered).
  5524 | D:7      | 5524 ||| Stepping ~*~*~tactically~*~*~ (outnumbered).
  5525 | D:7      | 5525 ||| Stepping ~*~*~tactically~*~*~ (outnumbered).
  5527 | D:7      | 5527 ||| Stepping ~*~*~tactically~*~*~ (outnumbered).
  5569 | D:7      | 5569 ||| Stepping ~*~*~tactically~*~*~ (stealth).
  5570 | D:7      | 5570 ||| Stepping ~*~*~tactically~*~*~ (stealth).
  5608 | D:7      | Reached skill level 6 in Shields
  5763 | D:7      | Found a staircase to the Ecumenical Temple.
  5771 | D:7      | 5771 ||| Stepping ~*~*~tactically~*~*~ (hiding).
  5787 | D:7      | 5787 ||| FLEEEEING.
  5788 | D:7      | 5788 ||| FLEEEEING.
  5789 | D:7      | 5789 ||| INVOKING Fiery Armour.
  5791 | D:7      | Noticed Joseph
  5798 | D:7      | 5798 ||| Stepping ~*~*~tactically~*~*~ (outnumbered).
  5809 | D:7      | HP: 19/84 [Joseph/+0 quarterstaff (15)]
  5810 | D:7      | 5810 ||| READING scroll of teleportation.
  5811 | D:7      | 5811 ||| DRINKING 3 potions of heal wounds.
  5814 | D:7      | Killed Joseph
  5857 | D:7      | 5857 ||| Stepping ~*~*~tactically~*~*~ (stealth).
  5859 | D:7      | 5859 ||| Stepping ~*~*~tactically~*~*~ (hiding).
  5861 | D:7      | 5861 ||| Stepping ~*~*~tactically~*~*~ (hiding).
  5868 | D:7      | 5868 ||| Stepping ~*~*~tactically~*~*~ (outnumbered).
  5886 | D:7      | 5886 ||| Stepping ~*~*~tactically~*~*~ (hiding).
  5887 | D:7      | 5887 ||| Stepping ~*~*~tactically~*~*~ (hiding).
  6603 | D:8      | 6603 ||| Stepping ~*~*~tactically~*~*~ (hiding).
  6626 | D:8      | You fall into a shaft and drop 1 floor!
  6692 | D:9      | Noticed a centaur warrior
  6692 | D:9      | Noticed a queen bee
  6692 | D:9      | Noticed a rime drake
  6693 | D:9      | 6693 ||| Stepping ~*~*~tactically~*~*~ (hiding).
  6703 | D:9      | 6703 ||| INVOKING Fiery Armour.
  6705 | D:9      | Killed a centaur warrior
  6706 | D:9      | Reached skill level 10 in Unarmed Combat
  6727 | D:9      | Reached XP level 10. HP: 61/92 MP: 10/10
  6833 | D:9      | 6833 ||| Stepping ~*~*~tactically~*~*~ (outnumbered).
  6834 | D:9      | 6834 ||| Stepping ~*~*~tactically~*~*~ (outnumbered).
  6835 | D:9      | 6835 ||| Stepping ~*~*~tactically~*~*~ (stealth).
  6836 | D:9      | 6836 ||| Stepping ~*~*~tactically~*~*~ (outnumbered).
  6837 | D:9      | 6837 ||| INVOKING Fiery Armour.
  6839 | D:9      | 6839 ||| Stepping ~*~*~tactically~*~*~ (outnumbered).
  6840 | D:9      | 6840 ||| Stepping ~*~*~tactically~*~*~ (outnumbered).
  6841 | D:9      | 6841 ||| Stepping ~*~*~tactically~*~*~ (outnumbered).
  6842 | D:9      | 6842 ||| Stepping ~*~*~tactically~*~*~ (outnumbered).
  6843 | D:9      | 6843 ||| Stepping ~*~*~tactically~*~*~ (outnumbered).
  6844 | D:9      | 6844 ||| Stepping ~*~*~tactically~*~*~ (outnumbered).
  6854 | D:9      | Reached skill level 11 in Unarmed Combat
  6855 | D:9      | HP: 20/92 [yak (10)]
  6856 | D:9      | 6856 ||| DRINKING 2 potions of heal wounds.
  6860 | D:9      | 6860 ||| DRINKING potion of heal wounds.
  6861 | D:9      | HP: 23/92 [yak (8)]
  6866 | D:9      | HP: 13/92 [yak (6)]
  6870 | D:9      | Slain by an orc warrior

Levels and vault maps discovered:
D:1:      dpeg_arrival_erosion, layout_rooms, serial_forest,
          infiniplex_forest_end_3, infiniplex_forest_zigzag_1,
          infiniplex_forest_lined_corner, infiniplex_forest_corner_1,
          infiniplex_forest_clump_long, infiniplex_forest_diagonal,
          infiniplex_forest_clump_tiny, infiniplex_forest_clump_double,
          serial_bayou_crossing
D:2:      layout_rooms, ebering_ecumenical_altar_webs, serial_bayou_ford_a,
          chequers_decorated_corner
D:3:      layout_loops_ring, cheibrodos_sewer_entry_bend, uniq_ijyb
D:4:      layout_gridville, serial_shops, nicolae_shop_behind_doors,
          hangedman_decor_slide_cut, dreamdust_mushroom_princess,
          nicolae_shop_firing_range, uniq_duvessa, uniq_sigmund, uniq_eustachio,
          uniq_natasha, uniq_edmund, uniq_crazy_yiuf_cottage
D:5:      layout_basic, kennysheep_generic_room_14
D:6:      layout_rooms, ebering_ghost_sewer_f, minmay_ogre_servants
D:7:      layout_basic, minmay_temple_entry_enclosed_plants,
          serial_bayou_pond_d, uniq_joseph
D:8:      layout_cave_pods, gammafunk_temple_overflow_wave, lemuel_old_faithful
D:9:      layout_long_grid, evilmike_ruin_ashenzari, wad_scary_box

Skill      XL: |  1  2  3  4  5  6  7  8  9 10 |
---------------+-------------------------------+-----
Unarmed Combat | 4 5 6 7 8 9 10 11 | 11.1
Throwing       | 1 2 3 4 |  4.2
Fighting       | 3 4 |  4.0
Shields        | 5 8 |  8.0
Dodging        | 1 |  1.6
Spellcasting   | |  1.0
Fire Magic     | |  2.1

Action                   |  1- 3 |  4- 6 |  7- 9 | 10-12 || total
-------------------------+-------+-------+-------+-------++-------
Melee: Unarmed           |   125 |    91 |   295 |    36 ||   547
       Punch             |     1 |     4 |     1 |       ||     6
Throw: Large rock        |    14 |    32 |    32 |       ||    78
       Javelin           |       |       |     3 |       ||     3
Invok: Fiery Armour      |       |     2 |     6 |     1 ||     9
  Use: Scroll            |     2 |     5 |     7 |       ||    14
       Potion            |       |     3 |     4 |     2 ||     9
 Stab: Distracted        |       |       |     1 |       ||     1
Armor: Robe              |    53 |    24 |    54 |    23 ||   154
Dodge: Dodged            |    55 |    23 |    79 |    16 ||   173
Block: Kite shield       |       |       |   109 |    38 ||   147

Table legend:
 A = Non-vault XP
 B = Vault XP
 C = Vault XP percentage of total XP
 D = Non-vault monster count
 E = Vault monster count
 F = Vault count percentage of total count
                 A         B        C        D         E       F
            +---------+---------+-------+---------+---------+-------
      Total |    4017 |    3446 |  46.2 |     167 |      42 |  20.1
            +---------+---------+-------+---------+---------+-------
        D:1 |      60 |       0 |   0.0 |      36 |       0 |   0.0
        D:2 |      40 |       0 |   0.0 |      18 |       0 |   0.0
        D:3 |      91 |      41 |  31.1 |      18 |       2 |  10.0
        D:4 |     517 |     842 |  62.0 |      24 |       9 |  27.3
        D:5 |     246 |      36 |  12.8 |      11 |       1 |   8.3
        D:6 |     657 |     136 |  17.2 |      20 |       9 |  31.0
        D:7 |     851 |     481 |  36.1 |      27 |       1 |   3.6
        D:8 |     225 |       0 |   0.0 |       5 |       0 |   0.0
        D:9 |    1330 |    1770 |  57.1 |       8 |       8 |  50.0
      Sewer |       0 |     140 | 100.0 |       0 |      12 | 100.0
            +---------+---------+-------+---------+---------+-------
